 Dungeon Crawl Stone Soup version 0.30.0-12-gd5a94ecb5d (webtiles) character file.

Game seed: 14317208824054794173

217 CaptainMV the Trooper (level 5, -1/45 HPs)
             Began as a Demonspawn Wanderer on May 17, 2023.
             Slain by Grinder (2 damage)
             ... on level 3 of the Dungeon.
             The game lasted 00:13:01 (1306 turns).

CaptainMV the Trooper (Demonspawn Wanderer)         Turns: 1306, Time: 00:13:02

Health: -1/45      AC:  6    Str: 10    XL:     5   Next: 62%
Magic:  6/6        EV: 13    Int: 12    God:
Gold:   102        SH:  0    Dex: 22    Spells: 6/6 levels left

rFire   + . .        a - +1 falchion
rCold   . . .        (no shield)
rNeg    . . .        f - +3 robe "Gaylu" {rF+ Dex+4}
rPois   .            (no helmet)
rElec   .            (no cloak)
rCorr   .            k - +0 pair of gloves
SInv    .            (no boots)
Will    .....        (no amulet)
Stlth   +++          (no ring)
HPRegen 0.27/turn    (no ring)
MPRegen 0.20/turn

%: no passive effects
@: no status effects
A: magic regeneration, weakness stinger 1
a: no special abilities


You were on level 3 of the Dungeon.
You visited 1 branch of the dungeon, and saw 3 of its levels.

You collected 102 gold pieces.

Inventory:

Hand Weapons
 a - a +1 falchion (weapon)
Armour
 f - the +3 robe "Gaylu" (worn) {rF+ Dex+4}
   (You found it on level 2 of the Dungeon)

   Dex:       It affects your dexterity (+4).
   rF:        It protects you from fire.
 k - a +0 pair of gloves (worn)
Scrolls
 b - 2 scrolls of immolation {unknown}
 c - 2 scrolls of blinking
 d - a scroll of identify
 h - a scroll of summoning {unknown}
 j - a scroll of enchant armour {unknown}
Potions
 e - 2 potions of curing
 g - 2 potions of heal wounds {unknown}
 i - a potion of mutation {unknown}


   Skills:
 + Level 5.6 Fighting
 + Level 3.5 Long Blades
 + Level 1.0 Armour
 + Level 2.2 Dodging
 + Level 2.3 Stealth
 + Level 1.0 Spellcasting


You had 6 spell levels left.
You didn't know any spells.
Your spell library contained the following spells:

 Spells                   Type           Power      Damage    Failure   Level
 Ensorcelled Hibernation  Hex/Ice        0%         N/A       41%         2
 Spider Form              Tmut/Pois      0%         N/A       65%         3
 Anguish                  Hex/Necr       0%         N/A       96%         4
 Animate Dead             Necr           0%         N/A       96%         4
 Haunt                    Necr/Summ      0%         N/A       100%        7
 Infestation              Necr           0%         N/A       100%        8


Dungeon Overview and Level Annotations

Branches:
Dungeon (3/15)

Altars:
Ashenzari

Shops:
D:2 :

Annotations:
D:3 Grinder


Innate Abilities, Weirdness & Mutations

You regenerate magic rapidly.
You have a small tail.


Message History

Grinder is moderately wounded.
Grinder gestures at you.
You suddenly lose the ability to move!
Grinder hits you but does no damage. Grinder gestures at you.
Pain shoots through your body! Grinder hits you but does no damage.
Grinder barely misses you.
You can move again.
You barely miss Grinder.
Grinder is moderately wounded.
Grinder hits you.
You barely miss Grinder.
Grinder is moderately wounded.
Grinder misses you.
You hit Grinder.
Grinder is moderately wounded.
Grinder hits you!
You hit Grinder.
Your tail-slap misses Grinder.
You punch Grinder.
Grinder is heavily wounded.
Grinder says, "Tell me all your secrets, or I'll kill you."
Grinder hits you.
You writhe in agony.
You hit Grinder. You punch Grinder.
Grinder is severely wounded.
Grinder gestures at you. Pain shoots through your body!
* * * LOW HITPOINT WARNING * * *
Unknown command.
You closely miss Grinder.
Grinder is severely wounded.
Grinder gestures at you. You resist with significant effort.
You hit Grinder but do no damage. You tail-slap Grinder.
Grinder is severely wounded.
Grinder hits you!
* * * LOW HITPOINT WARNING * * *
You writhe in agony.
* * * LOW HITPOINT WARNING * * *
Grinder hits you.
You die...

###################
#.†................
#.#.......#@.....#
#.##.....)#5....##
######..##.....#....##
.......).##....#...##
..........##...#..##
...........##..#.##
............####+#
.............#..
.......#######._.


You could see Grinder.

Vanquished Creatures
  Sigmund (D:3)
  An adder (D:3)
  A worm (D:3)
  A dart slug (D:3)
  An orc (D:3)
  3 endoplasms
  2 giant cockroaches (D:1)
  7 goblins
  6 hobgoblins (D:1)
  4 jackals (D:2)
  4 ball pythons
  3 bats
  2 frilled lizards
  3 kobolds
  4 rats
43 creatures vanquished.

Notes
Turn   | Place    | Note
-------+----------+-------------------------------------------
     0 | D:1      | CaptainMV the Demonspawn Wanderer began the quest for the
                  | Orb.
     0 | D:1      | CaptainMV set off with the following items: a +1 falchion,
                  | a +2 leather armour, a scroll of blinking.
     0 | D:1      | Reached XP level 1. HP: 21/21 MP: 2/2
   177 | D:1      | Gained mutation: You regenerate magic rapidly. [demonic
                  | ancestry]
   177 | D:1      | Reached XP level 2. HP: 25/27 MP: 3/3
   589 | D:2      | Identified the +3 robe "Gaylu" {rF+ Dex+4}
   789 | D:2      | Gained mutation: You have a small tail. [demonic ancestry]
   789 | D:2      | Reached XP level 3. HP: 32/33 MP: 4/4
   932 | D:2      | Found Akkao's Vocational Training.
  1196 | D:3      | Noticed Sigmund
  1207 | D:3      | Killed Sigmund
  1208 | D:3      | Reached skill level 1 in Armour
  1208 | D:3      | Reached XP level 4. HP: 28/39 MP: 5/5
  1208 | D:3      | Reached XP level 5. HP: 32/45 MP: 6/6
  1289 | D:3      | Found a broken altar of Ashenzari.
  1293 | D:3      | Noticed Grinder
  1295 | D:3      | Paralysed by Grinder for 5 turns
  1306 | D:3      | HP: 1/45 [Grinder (4)]
  1306 | D:3      | Slain by Grinder

Illustrated notes

Levels and vault maps discovered:
D:1:      minmay_arrival_four_loops, layout_basic, minmay_misc_feat_chi,
          minmay_shallow_snake_nest
D:2:      layout_loops_cross, nicolae_shop_vocational
D:3:      layout_rooms, nicolae_ashenzari_panopticon,
          nicolae_elevator_lobby_plus, uniq_jessica, uniq_sigmund, uniq_grinder

Skill      XL: |  1  2  3 |
---------------+----------+-----
Long Blades    | 3 |  3.5
Armour         | 1 |  1.0
Dodging        | 2 |  2.2
Stealth        | 2 |  2.3
Fighting       | |  5.6
Spellcasting   | |  1.0

Action                     |  1- 3 |  4- 6 || total
---------------------------+-------+-------++-------
  Melee: Falchion          |   111 |    16 ||   127
         Punch             |     2 |     2 ||     4
         Tailslap          |     4 |     3 ||     7
    Use: Scroll            |     7 |       ||     7
   Stab: Sleeping          |     6 |     2 ||     8
 Armour: Leather armour    |    26 |       ||    26
         Robe              |    23 |     4 ||    27
  Dodge: Dodged            |    75 |     6 ||    81
